[Event "Uruguayan Championship 2022"]
[Site "Montevideo"]
[Date "2022.04.17"]
[Round "10.6"]
[White "Lopez Azambuja, Nicolas"]
[Black "Roselli Mailhe, Bernardo"]
[Result "1/2-1/2"]
[ECO "A70"]
[WhiteElo "2318"]
[BlackElo "2426"]
[Annotator "TA"]
[PlyCount "145"]
[EventDate "2022.04.08"]
[EventType "tourn"]
[EventCountry "URU"]
[SourceTitle "playchess.com"]
[Source "ChessBase"]
[SourceQuality "1"]
[TimeControl "40/5400+30:1800+30"]

1. d4 Nf6 2. c4 c5 3. d5 e6 4. Nc3 exd5 5. cxd5 d6 6. e4 g6 7. Nf3 Bg7 8. h3 $1 {[%emt 0:00:53][%mdl 4] now scores much better than the old 8.Be2.} O-O 9. Be3 Re8 {[%emt 0:06:53] A70: Modern Benoni: 6 e4 g6 7 Nf3.} 10. Bd3 c4 {[%emt 0:06:46] [#]} 11. Bxc4 $146 ({Predecessor:} 11. Bc2 b5 12. Nxb5 Qa5+ 13. Nc3 Nxe4 14. Bxe4 Rxe4 15. O-O Rxe3 16. fxe3 Nd7 17. Nd4 {1-0 (25) Predke,A (2682)-Sindarov,J (2609) Warsaw 2021}) 11... Nxe4 12. Nxe4 Rxe4 13. Qc2 Re8 14. O-O Nd7 15. Rfd1 Ne5 16. Nxe5 Bxe5 17. Bb5 Re7 18. Bg5 Rc7 {[%emt 0:06:44] [#] aiming for ...f6.} 19. Qd2 ({But not} 19. Bxd8 Rxc2 20. f4 Bxb2 $17) 19... Bf6 20. Bxf6 Qxf6 21. Rac1 Rxc1 22. Rxc1 Bf5 23. Qb4 Bxh3 {[%emt 0:04:09] Hoping for ...Qg5.} 24. Rc3 {[%emt 0:02:26] [#]} (24. Bf1 $11) 24... Bf5 $1 $17 25. Bf1 Re8 26. Rc1 ({White should try} 26. Ra3 $15) 26... Rc8 (26... Re7 $17 {With the idea ...h5.} 27. Qd2 h5) 27. Rxc8+ $11 Bxc8 28. Qa5 Bf5 29. Qxa7 Qxb2 {[%emt 0:00:07] Strongly threatening ...Qa1.} 30. Qb8+ Kg7 {[%emt 0:00:05] Threatens to win with ...Qa1.} 31. Qxd6 Qa1 ({Of course not} 31... Qxa2 32. Qe5+ Kg8 33. Qe8+ Kg7 34. Qe5+ Kg8 35. Qb8+ Kg7 36. Qe5+ $11) (31... Qd4 $1 $15) 32. Qa3 Qd4 33. d6 Bd7 34. Qb3 Bc6 35. Qg3 h5 36. Qa3 Kf6 37. Qb3 Qxd6 {[%emt 0:02:04] Threatening ...Qd4.} 38. Bc4 $1 {[%emt 0:00:07] The position is equal.} Qc7 39. Qc3+ Ke7 40. Qe3+ Kd8 41. Qd4+ Ke7 42. Qe3+ Kf8 43. Qh6+ Ke8 44. Qh8+ Ke7 45. Bxf7 $1 Qa5 46. Qg7 Qe1+ 47. Kh2 Qxf2 48. Bd5+ Kd6 49. Bxc6 Qh4+ 50. Kg1 Qe1+ 51. Kh2 Qh4+ 52. Kg1 bxc6 53. Qxg6+ {[%emt 0:00:00][%mdl 4096] Endgame KQ-KQ} Kc5 54. Qc2+ Kb5 55. Qb2+ Qb4 56. Qe2+ Kb6 57. Qxh5 Qb1+ 58. Kh2 Qxa2 59. Qg6 Qd2 60. Qe6 Qc2 61. Qd6 Kb5 62. Qd7 Kb4 63. Qb7+ Ka3 64. Qa6+ Kb2 65. Qb6+ Ka2 66. Qa5+ Kb1 67. Qb4+ Ka1 68. Qa3+ Kb1 69. Qb4+ Ka2 70. Qa5+ Kb3 71. Qb6+ Ka3 72. Qa5+ Kb3 73. Qb6+ {[%emt 0:00:10] Weighted Error Value: White=0.07 (flawless) /Black=0.09 (flawless)} 1/2-1/2

[Event "Uruguayan Championship 2022"]
[Site "Montevideo"]
[Date "2022.04.18"]
[Round "11.1"]
[White "Roselli Mailhe, Bernardo"]
[Black "Diaz Hollemaert, Nahuel"]
[Result "0-1"]
[ECO "A50"]
[WhiteElo "2426"]
[BlackElo "2439"]
[Annotator "TA"]
[PlyCount "72"]
[EventDate "2022.04.08"]
[EventType "tourn"]
[EventCountry "URU"]
[SourceTitle "playchess.com"]
[Source "ChessBase"]
[SourceQuality "1"]
[TimeControl "40/5400+30:1800+30"]

1. d4 Nf6 2. c4 b6 3. f3 e6 4. e4 Bb4+ 5. Bd2 a5 6. Bd3 {[%emt 0:05:10] [#] A50: Queen's Fianchetto Defence (1 d4 Nf6 2 c4 b6).} d5 $146 ({Predecessor:} 6... d6 7. Ne2 Nc6 8. O-O O-O 9. Bg5 a4 10. a3 Ba5 11. Qxa4 Bd7 12. Qc2 h6 {1-0 (53) Rasulov,V (2478)-Oparin,G (2655) Chess.com INT 2021}) 7. cxd5 exd5 8. e5 {[%emt 0:00:27] White is slightly better.} Nfd7 9. Ne2 Ba6 10. Bxa6 Nxa6 11. O-O O-O 12. Nbc3 c6 13. a3 Be7 (13... Bxc3 $14 14. Bxc3 Nc7) 14. f4 $1 $16 Re8 15. Ng3 Bf8 16. Qg4 Nc7 17. f5 (17. Nf5 $16 {Threatens to win with Nh6+.} Kh8 18. Qh3) 17... c5 $11 18. Bh6 {[%emt 0:01:25][%cal Oh6g7] Hoping for Bxg7!} Kh8 (18... cxd4 19. Bxg7 $1 h6 20. Bxh6+ Kh8 21. Bxf8 Nxf8 22. Nh5 $1 $18) 19. Bg5 $36 {[%emt 0:04:29][%mdl 2048] White has some pressure.} f6 20. exf6 gxf6 (20... Nxf6 $11 {remains equal.} 21. Qh4 Be7) 21. Bh4 $16 cxd4 22. Nce2 Bh6 (22... Bd6 $14) 23. Nxd4 {[%emt 0:01:12] And now Ne6 would win.} Ne5 24. Qd1 (24. Qe2 Ng6 $1 25. Qh5 (25. fxg6 Rxe2 26. Ngxe2 Ne8 $11) 25... Be3+ 26. Kh1 Nxh4 27. Qxh4 Bg5 $14) 24... Qd6 (24... Rg8 $16 {was worth a try.}) 25. Kh1 $1 $18 Rf8 (25... Nd7 $16) 26. Nh5 Rae8 27. b3 {[%emt 0:03:45] Prevents Nc4.} (27. Bg3 $18) 27... a4 28. b4 ({White should try} 28. Rb1) 28... Rf7 $2 (28... Nc4 $16) 29. Qxa4 b5 30. Qc2 Nc4 31. Rfe1 {[%emt 0:00:52] Strongly threatening Rxe8+.} ({Don't play} 31. Bg3 $6 Qb6 32. Bf4 Bg5 $16) 31... Be3 (31... Ne3 {was called for.} 32. Qc6 Qxc6 33. Nxc6 Bg5) 32. Bf2 ({But not} 32. Bg3 $6 Qd7 33. Nf3 Rc8 $16) 32... Re4 33. Bxe3 ({Better is} 33. Rad1 $18) 33... Nxe3 $16 34. Qd3 (34. Qd2 $16 {and life is bright.} Nc4 35. Qf2) 34... Ng4 $19 ({And not} 34... Rh4 {[#]} 35. h3 $1 Ng4 36. Qg3 $1 Qxg3 37. Nxg3 Nf2+ 38. Kg1 Nxh3+ 39. gxh3 $11) 35. Qg3 Qxg3 36. Nxg3 Rxd4 {[%emt 0:00:06] Weighted Error Value: White=0.38/Black=0.26 (precise)} 0-1

[Event "Uruguayan Championship 2022"]
[Site "Montevideo"]
[Date "2022.04.18"]
[Round "11.2"]
[White "Vaz Lacuesta, Leonardo"]
[Black "Granara Barreto, Sebastian"]
[Result "1/2-1/2"]
[ECO "C42"]
[WhiteElo "2018"]
[BlackElo "2131"]
[Annotator "TA"]
[PlyCount "45"]
[EventDate "2022.04.08"]
[EventType "tourn"]
[EventCountry "URU"]
[SourceTitle "playchess.com"]
[Source "ChessBase"]
[SourceQuality "1"]
[TimeControl "40/5400+30:1800+30"]

1. e4 e5 2. Nf3 Nf6 3. Nxe5 d6 4. Nf3 Nxe4 5. d4 d5 6. Bd3 Nf6 7. O-O Be7 8. Re1 O-O 9. Bf4 {[%emt 0:00:26] C42: Petroff Defence: 3 Nxe5 and unusual White 3rd moves.} Bg4 {[%emt 0:00:37] [#]} {Predecessor:} 10. Nbd2 $146 Nc6 11. c3 Qd7 12. Qc2 h6 13. h3 Be6 14. Bh2 Bd6 15. Ne5 Qe7 16. f4 Bxe5 17. dxe5 Ne8 18. f5 Bd7 19. Nf3 Qc5+ 20. Kh1 Bc8 21. b4 Qb6 22. Bg1 d4 23. Nxd4 {1-0 (23) Megyaszai,B (1891)-Bodo,B (1740) Budapest 2021} 1/2-1/2

[Event "Uruguayan Championship 2022"]
[Site "Montevideo"]
[Date "2022.04.18"]
[Round "11.3"]
[White "Coppola, Claudio"]
[Black "Rodi, Luis Ernesto"]
[Result "0-1"]
[ECO "D30"]
[WhiteElo "2285"]
[BlackElo "2347"]
[Annotator "TA"]
[PlyCount "144"]
[EventDate "2022.04.08"]
[EventType "tourn"]
[EventCountry "URU"]
[SourceTitle "playchess.com"]
[Source "ChessBase"]
[SourceQuality "1"]
[TimeControl "40/5400+30:1800+30"]

1. d4 d5 2. c4 e6 3. Nf3 Nf6 4. g3 Bb4+ 5. Nbd2 dxc4 6. Bg2 b5 {[%emt 0:02:23] Against Qa4. E04: Open Catalan: 5 Nf3.} 7. O-O Bb7 {[%emt 0:00:31] [#]} 8. Nxc4 $1 {[%emt 0:06:47] [#]} Nbd7 $146 {[%emt 0:07:14] [#] White is slightly better.} (8... bxc4 9. Qa4+) ({Predecessor:} 8... bxc4 9. Qa4+ Nc6 10. Ne5 Nd5 11. Nxc6 Qd7 12. Bxd5 exd5 13. Qxb4 Qxc6 14. b3 Qb6 {½-½ (56) Wagner,D (2581)-Kuzubov,Y (2642) Chess.com INT 2021}) 9. a3 $1 Be7 (9... Bd6 10. Na5) 10. Na5 Bd5 11. Ne5 Bxg2 12. Kxg2 {[%emt 0:00:26] Nec6 is the strong threat.} Nxe5 13. dxe5 Qd5+ 14. Qxd5 Nxd5 15. e4 Nb6 16. Be3 c5 $1 17. b4 cxb4 18. axb4 {[%emt 0:01:53] aiming for Rfc1.} Rc8 19. Rfc1 $36 {[%emt 0:20:27][%mdl 2048] White has good play.} Rxc1 (19... Bxb4 $2 20. Nc6 $16) 20. Rxc1 {[%emt 0:00:05] Strongly threatening Rc7.} Bxb4 21. Nc6 Ba3 22. Rd1 O-O $1 23. Nxa7 Nc4 24. Nxb5 Bb2 (24... Nxe3+ $11 {remains equal.} 25. fxe3 Bb2) 25. Bc5 $16 Rb8 {[%emt 0:01:23] [#]} 26. f4 $1 h5 (26... g6 27. Nd6) 27. Nd6 Ba3 28. Bxa3 $2 (28. Bf2 $16 Na5 29. Kh3) 28... Ne3+ $17 29. Kh3 Nxd1 {[%emt 0:00:14][%mdl 4096] Endgame KRN-KBN} 30. f5 $2 (30. Kh4 $17 {is a better defense.}) 30... Nf2+ $19 31. Kh4 Nd3 32. fxe6 fxe6 33. Nc4 Rc8 34. Nb6 Rc2 35. h3 (35. Kxh5 Nxe5 36. Kg5) 35... Nxe5 36. Kxh5 Nc4 (36... Rc6 $142 37. Nd5 exd5 38. exd5 Rh6+ 39. Kg5 Rxh3) 37. Nxc4 (37. Bc5 $142) 37... Rxc4 {[%emt 0:00:07] KR-KB} 38. Kg6 Rxe4 {[%emt 0:01:48] And now ...Re3 would win.} 39. Bb2 $2 (39. Bd6) 39... Re3 40. g4 e5 41. Kf5 {[%emt 0:06:32] [#]} e4 $2 (41... g6+ $1 $19 42. Kg5 e4) 42. Kf4 $11 Rxh3 (42... Re1 $11 43. Bc3 Rh1) 43. Kxe4 {[%emt 0:00:13] White is now going downhill.} Rg3 {[%emt 0:00:07] Black mates.} 44. Kf5 Kf7 45. Be5 Rg1 46. Bd4 Rf1+ 47. Kg5 Rd1 48. Bc3 Rd5+ 49. Kh4 Kg6 50. Bb4 Rd3 51. Be7 Rd1 52. Kg3 Rd7 53. Bc5 Kf6 54. Kf4 Rd1 55. Be3 Rf1+ 56. Ke4 g5 57. Bd2 Rg1 58. Kf3 Rb1 59. Be3 Rb4 60. Bd2 Rb3+ 61. Be3 Rb5 62. Bd2 Ke6 63. Be3 Rd5 64. Bc1 Kd6 65. Be3 Kc6 66. Ke4 Rb5 67. Bd4 Kd6 68. Bc3 Ke6 69. Bd4 Rb4 70. Ke3 Kd5 71. Bf6 Rxg4 72. Bd8 Ke5 {[%emt 0:00:30] Weighted Error Value: White=0.40/Black=0.23 (precise)} 0-1

[Event "Uruguayan Championship 2022"]
[Site "Montevideo"]
[Date "2022.04.18"]
[Round "11.4"]
[White "Hoffman, Alejandro"]
[Black "Palacio, Enzo"]
[Result "1-0"]
[ECO "A45"]
[WhiteElo "2403"]
[BlackElo "1896"]
[Annotator "TA"]
[PlyCount "67"]
[EventDate "2022.04.08"]
[EventType "tourn"]
[EventCountry "URU"]
[SourceTitle "playchess.com"]
[Source "ChessBase"]
[SourceQuality "1"]
[TimeControl "40/5400+30:1800+30"]

1. d4 Nf6 2. g3 g6 3. Bg2 Bg7 4. e4 d6 5. Ne2 Nbd7 6. O-O O-O 7. Nbc3 e5 8. h3 h6 9. Be3 c6 {[%emt 0:02:34] B07: Pirc Defence: Miscellaneous Systems.} 10. a4 a6 11. Qd2 Kh7 {[%emt 0:00:25] [#] White is better.} 12. Rfd1 $146 ({Predecessor:} 12. a5 Ng8 13. f4 b6 14. dxe5 dxe5 15. axb6 exf4 16. gxf4 Rb8 17. Rfd1 Qh4 18. Bf2 {1-0 (34) Mainka,G (2370)-Neugebauer,J Weilburg 1996}) 12... Qc7 13. a5 Re8 14. b3 Rb8 (14... exd4 $142 15. Bxd4 (15. Nxd4 Nc5 $11) 15... Nc5) 15. dxe5 $16 dxe5 16. Na4 Bf8 17. Qc3 Re6 18. Nc1 Ne8 19. Nd3 Nd6 20. b4 {[%emt 0:13:32] 0x0.00203746de3adp-1022s more active pieces. The black rooks are badly placed.} Bg7 21. Qb3 Ra8 (21... Re8 $16 22. c3 f5) 22. c3 Kg8 (22... Re8 $16 23. Rd2 f5) 23. Rd2 Re8 24. Rad1 Bf8 25. f3 Kg7 26. h4 h5 27. Kh2 f6 (27... Nb5 $142 28. Bf1 Rb8) 28. Bh3 $18 Re7 $2 {[%emt 0:02:18] [#]} (28... f5 29. Ndc5 Nxc5 30. Nxc5 Qf7 31. Rxd6 Qxb3 32. Nxb3 Bxd6) 29. Ndc5 {[%emt 0:01:20] White is clearly winning.} Nxc5 30. Bxc5 Nf7 31. Bxe7 Qxe7 32. Bxc8 Rxc8 33. Rd7 Qe8 34. Rxb7 {[%emt 0:00:34] Black did not feel at home in the position after the opening.  Weighted Error Value: White=0.09 (flawless) /Black=0.28 (precise)} 1-0

[Event "Uruguayan Championship 2022"]
[Site "Montevideo"]
[Date "2022.04.18"]
[Round "11.5"]
[White "Carbone, Diego"]
[Black "Lopez Azambuja, Nicolas"]
[Result "1/2-1/2"]
[ECO "E32"]
[WhiteElo "2272"]
[BlackElo "2318"]
[Annotator "TA"]
[PlyCount "56"]
[EventDate "2022.04.08"]
[EventType "tourn"]
[EventCountry "URU"]
[SourceTitle "playchess.com"]
[Source "ChessBase"]
[SourceQuality "1"]
[TimeControl "40/5400+30:1800+30"]

1. d4 Nf6 2. c4 e6 3. Nc3 Bb4 4. Qc2 d6 5. a3 Bxc3+ 6. Qxc3 c5 {[%emt 0:01:07] E32: Nimzo-Indian: Classical (4 Qc2): 4...0-0.} 7. dxc5 dxc5 8. Bg5 Nc6 {[%emt 0:03:49] [#] White has an edge.} 9. Rd1 $146 ({Predecessor:} 9. e3 e5 10. Ne2 h6 11. Bxf6 Qxf6 12. Ng3 O-O 13. Bd3 Qe7 14. Be4 Bd7 15. O-O {1-0 (38) Omelja,A (2499)-Taborov,B (2328) Kiev 2021}) 9... Qa5 {[%emt 0:03:17] The position is equal.} 10. Qxa5 Nxa5 11. e3 b6 12. Nf3 Bb7 13. Bd3 h6 14. Bf4 Nc6 15. Ke2 Ke7 16. h3 Rhd8 17. Rhg1 Rd7 18. Ne5 (18. b3 {feels hotter.} g5 19. Bh2 Rad8 20. g4) 18... Nxe5 19. Bxe5 Ne8 20. f3 (20. Bg3 {seems wilder.} Rad8 21. f3 f6 22. b3) 20... f6 21. Bc3 a5 22. b3 Rad8 23. Bc2 Rxd1 24. Rxd1 Rxd1 25. Kxd1 Nd6 26. a4 e5 27. Ke2 Bc8 28. g4 Bb7 {[%emt 0:02:20] An even fight not without its subleties.  Weighted Error Value: White=0.05 (flawless) /Black=0.03 (flawless)} 1/2-1/2

[Event "Uruguayan Championship 2022"]
[Site "Montevideo"]
[Date "2022.04.18"]
[Round "11.6"]
[White "Vazquez, Facundo"]
[Black "Carvalho, Guillermo"]
[Result "1/2-1/2"]
[ECO "D38"]
[WhiteElo "2319"]
[BlackElo "2171"]
[Annotator "TA"]
[PlyCount "97"]
[EventDate "2022.04.08"]
[EventType "tourn"]
[EventCountry "URU"]
[SourceTitle "playchess.com"]
[Source "ChessBase"]
[SourceQuality "1"]
[TimeControl "40/5400+30:1800+30"]

1. d4 Nf6 2. c4 e6 3. Nf3 d5 4. Nc3 Bb4 5. Qa4+ Nc6 6. e3 O-O 7. Qc2 {[%emt 0:01:13] D38: Queen's Gambit Declined: Ragozin Defence (4 Nf3 Bb4).} b6 8. Bd2 Ba6 9. Qa4 {[%emt 0:09:51] The position is equal.} Bb7 10. cxd5 Nxd5 {[%emt 0:11:28] [#]} 11. Ba6 $146 ({Predecessor:} 11. Bb5 Nce7 12. O-O Nxc3 13. bxc3 Bd6 14. Bd3 c5 15. e4 Ng6 16. Rad1 Qc7 17. Rfe1 {1-0 (54) Mamedyarov,S (2747)-Fressinet,L (2700) Huaian 2016}) 11... Na5 12. Bxb7 Nxb7 13. O-O {[%emt 0:01:07] Black must now prevent Nxd5.} Bxc3 14. bxc3 c5 15. c4 Nf6 16. Bc3 Ne4 17. Bb2 Qc7 18. Qc2 Nbd6 19. Rac1 Rac8 20. Qd3 f6 21. Rc2 Rfd8 22. Rfc1 Qf7 23. a4 Qg6 24. Ne1 Nb7 25. d5 e5 (25... Na5 $15) 26. f3 $11 Ng5 (26... Ned6 $11 {should be considered.}) 27. Qxg6 $14 hxg6 28. Bc3 (28. e4 $1 $14) 28... Nf7 (28... e4 $15) 29. Nd3 (29. e4 $1 $14) 29... Nfd6 30. Be1 Rd7 (30... e4 $11 31. Nf4 Re8) 31. e4 $16 g5 32. Rb1 Rcc7 ({Better is} 32... g4 $14) 33. a5 Nc8 34. axb6 axb6 35. Nb2 $1 {[%emt 0:02:00] &Bianco is more active.} Nbd6 36. Na4 Rb7 {[%emt 0:00:47][%cal Og5g4] [#]} 37. Rbb2 (37. h3 $1 $16) 37... Rdc7 38. Kf2 Kf7 (38... g4 $5) 39. Ke2 Kg6 (39... g4 $11) 40. g4 (40. Kd3 $14) 40... Kf7 (40... Rb8 {with more complications.} 41. Kd3 b5 42. cxb5 c4+) 41. Bf2 Ke8 42. Kd2 g6 43. Kc3 ({White should try} 43. Bg3 $11) 43... Ra7 $15 44. Ra2 Ra5 (44... f5 $1 $15) 45. Kb3 Rca7 46. Nc3 {[%emt 0:00:00] [#]} (46. Be1 $11 {remains equal.} R5a6 47. Nc3) 46... Rxa2 (46... Nb7 $1 $17) 47. Nxa2 (47. Rxa2 $11 {was the only way to keep the balance.} Rxa2 48. Nxa2) 47... Nb7 $17 48. Be1 Ncd6 49. Kb2 $1 {[%emt 0:00:00] Weighted Error Value: White=0.25 (precise) /Black=0.22 (precise)} 1/2-1/2